 Dungeon Crawl Stone Soup version 0.28.0 (webtiles) character file.

Game seed: 14924078875013914741

38 Sanktem7 the Skirmisher (level 3, 0/33 HPs)
             Began as a Minotaur Fighter on Feb 16, 2022.
             Slain by a gnoll (8 damage)
             ... on level 2 of the Dungeon.
             The game lasted 00:01:16 (1668 turns).

Sanktem7 the Skirmisher (Minotaur Fighter)          Turns: 1668, Time: 00:01:16

Health: 0/33       AC:  7    Str: 22    XL:     3   Next: 25%
Magic:  2/2        EV:  5    Int:  5    God:
Gold:   64         SH:  0    Dex:  9    Spells: 2/2 levels left

rFire   . . .      SeeInvis .   a - +0 war axe
rCold   . . .      Faith    .   c - +0 buckler
rNeg    . . .      Spirit   .   b - +0 scale mail
rPois   .          Reflect  .   (helmet restricted)
rElec   .          Harm     .   (no cloak)
rCorr   .          Rampage  .   (no gloves)
Will    .....                   (no boots)
Stlth   ..........              (no amulet)
HPRegen 0.11/turn               (no ring)
MPRegen 0.08/turn               (no ring)

@: held
A: horns 2, retaliatory headbutt
a: no special abilities


You were on level 2 of the Dungeon.
You visited 1 branch of the dungeon, and saw 2 of its levels.

You collected 64 gold pieces.

Inventory:

Hand Weapons
 a - a +0 war axe (weapon)
Armour
 b - a +0 scale mail (worn)
 c - a +0 buckler (worn)
Jewellery
 g - a ring of positive energy
Scrolls
 e - a scroll of immolation {unknown}
 f - 3 scrolls of identify {unknown}
 h - 3 scrolls of vulnerability {unknown}
 j - a scroll of blinking {unknown}
 m - a scroll of fear {unknown}
Potions
 d - 3 potions of might
 i - a potion of invisibility {unknown}
 k - a potion of lignification {unknown}
 l - a potion of cancellation {unknown}


   Skills:
 + Level 4.1 Fighting
 + Level 3.0 Axes
 + Level 4.1 Armour
 + Level 0.2 Dodging
 + Level 4.0 Shields


You had 2 spell levels left.
You didn't know any spells.
Your spell library was empty.

Dungeon Overview and Level Annotations

Branches:
Dungeon (2/15)

Altars:


Innate Abilities, Weirdness & Mutations

You have a pair of horns on your head.
You reflexively headbutt those who attack you in melee.


Message History

You kill the frilled lizard!
You slash the endoplasm!
You kill the endoplasm!
Your Axes skill increases to level 3!
h - 3 scrolls labelled DIBUGYEMNA (gained 2)
There is a stone staircase leading down here.
Found 13 arrows.
A rat comes into view.
A rat is nearby!
A rat is nearby!
A rat is nearby!
The rat bites you.
You hit the rat.
You kill the rat!
You see here a rat corpse.
Found a ring mail.
You see here a +0 ring mail.
The great orb of eyes turns its gaze towards you. 2 gnolls come into view.
Found 27 stones.
The gnoll shouts! x2
There are monsters nearby!
There are monsters nearby!
Found 20 stones.
The gnoll barely misses you.
A gnoll comes into view. It is wielding a +0 spear.
Found an amethyst potion and a leather armour.
The gnoll shouts!
The gnoll hits you with a +0 halberd.
The gnoll throws a throwing net.
The throwing net hits you.
You become entangled in the net!
You see here a throwing net.
You struggle against the net.
You struggle against the net.
The gnoll barely misses you.
You struggle against the net.
The gnoll hits you but does no damage.
The gnoll hits you from afar with a +0 spear.
The gnoll hits you with a +0 club!
You struggle against the net.
The gnoll hits you from afar with a +0 halberd!
* * * LOW HITPOINT WARNING * * *
The gnoll hits you from afar with a +0 spear!
You die...

........>...##.###..# #...#
#.# ....###.....##.#
##.#####.# #.#
...........##..#
#...###.####.#
#.#.#.........##
###.......##.#
#......##.#..## ###........#
#......##.#..##### #......###
..####..#<.......# ###...##
######.....#####.# #..##
#..........# #@# ###.##
#........### #..g.g!...#....#
.....<...### #...g.....#....#
#.........<.......(.[..#....#
#........#####.(.......######
#........# #.........#
#........# ###########
##########


You could see 3 gnolls.

Vanquished Creatures
  An adder (D:2)
  A worm (D:2)
  2 ball pythons (D:1)
  3 endoplasms
  4 jackals (D:1)
  A quokka (D:1)
  5 bats
  3 frilled lizards
  3 kobolds (D:1)
  3 rats
26 creatures vanquished.

Notes
Turn   | Place    | Note
-------+----------+-------------------------------------------
     0 | D:1      | Sanktem7 the Minotaur Fighter began the quest for the Orb.
     0 | D:1      | Reached XP level 1. HP: 19/19 MP: 0/0
   266 | D:1      | Reached XP level 2. HP: 23/27 MP: 1/1
  1009 | D:2      | Found a faded altar of an unknown god.
  1009 | D:2      | Noticed a great orb of eyes
  1019 | D:2      | Noticed a great orb of eyes
  1019 | D:2      | Noticed a floating eye
  1019 | D:2      | Noticed a great orb of eyes
  1089 | D:2      | Reached XP level 3. HP: 19/33 MP: 2/2
  1668 | D:2      | Slain by a gnoll

Illustrated notes

Levels and vault maps discovered:
D:1:      lemuel_arrival_funnel, layout_basic
D:2:      layout_rooms, hellmonk_ecumenical_altar_watching_god

Skill      XL: |  1  2  3 |
---------------+----------+-----
Shields        | 4 |  4.0
Armour         | 4 |  4.1
Fighting       | 4 |  4.1
Axes           | 3 |  3.0
Dodging        | |  0.2

Action                   || total
-------------------------++-------
Melee: War axe           ||    61
       Headbutt          ||     9
Armor: Scale mail        ||    26
Dodge: Dodged            ||    28
Block: Buckler           ||    14
